 Dungeon Crawl Stone Soup version 0.31-a0-221-gbddc013574 (webtiles) character file.

Game seed: 8821940970537968755

92 Anon1729 the Trooper (level 4, -4/41 HPs)
             Began as a Minotaur Monk on July 4, 2023.
             Splashed by a jelly's acid (8 damage)
             ... on level 4 of the Dungeon.
             The game lasted 00:00:49 (1607 turns).

Anon1729 the Trooper (Minotaur Monk)                Turns: 1607, Time: 00:00:49

Health: -4/41      AC: -2    Str: 15    XL:     4   Next: 35%
Magic:  3/3        EV: 13    Int:  7    God:
Gold:   144        SH:  0    Dex: 15    Spells: 3/3 levels left

rFire   . . .        a - +0 falchion
rCold   . . .        d - orb {light}
rNeg    . . .        b - +0 robe
rPois   .            (helmet restricted)
rElec   .            (no cloak)
rCorr   .            (no gloves)
SInv    .            (no boots)
Will    .....        (no amulet)
Stlth   +            (no ring)
HPRegen 0.26/turn    (no ring)
MPRegen 0.08/turn

%: no passive effects
@: confused, ambrosia-drunk, corroded, glowing
A: horns 2, retaliatory headbutt
a: no special abilities


You were on level 4 of the Dungeon.
You visited 1 branch of the dungeon, and saw 3 of its levels.

You collected 144 gold pieces.

Inventory:

Hand Weapons
 a - a +0 falchion (weapon)
Armour
 b - a +0 robe (worn)
 d - an orb of light (worn)
Jewellery
 h - a ring of ice
 i - a ring of poison resistance
Scrolls
 j - a scroll of identify {unknown}
 k - a scroll of fear {unknown}
Potions
 c - a potion of ambrosia
 e - a potion of invisibility {unknown}
 f - a potion of haste {unknown}
 g - a potion of curing {unknown}


   Skills:
 + Level 4.5 Fighting
 + Level 4.5 Long Blades
 * Level 1.3 Ranged Weapons
 + Level 4.1 Dodging


You had 3 spell levels left.
You didn't know any spells.
Your spell library contained the following spells:

 Spells                   Type           Power      Damage    Failure   Level
 Poisonous Vapours        Pois/Air       0%         N/A       56%         2
 Mephitic Cloud           Conj/Pois/Air  0%         N/A       80%         3
 Freezing Cloud           Conj/Ice/Air   0%         6-21      100%        5


Dungeon Overview and Level Annotations

Branches:
Dungeon (2/15)

Altars:


Innate Abilities, Weirdness & Mutations

You have a pair of horns on your head.
You reflexively headbutt those who attack you in melee.


Message History

A jelly comes into view.
The jelly quivers.
You hit the ball python.
The ball python is severely wounded.
The ball python bites you but does no damage.
The ball python closely misses you.
You hit the ball python.
You kill the ball python!
You hit the jelly. The acid corrodes you!
Your hands burn!
The jelly is lightly wounded.
The jelly hits you.
You are splashed with acid!
You hit the jelly.
Your hands burn!
You headbutt the jelly.
The jelly is moderately wounded.
The jelly completely misses you. You furiously retaliate!
You headbutt the jelly. You completely miss the jelly. You headbutt the jelly.
The jelly is severely wounded.
The jelly hits you.
You are splashed with acid!
The jelly misses you.
You are too injured to fight recklessly!
You are too injured to fight recklessly!
You are too injured to fight recklessly!
You are too injured to fight recklessly!
You are too injured to fight recklessly!
You are too injured to fight recklessly!
You are too injured to fight recklessly!
You are too injured to fight recklessly!
You hit the jelly but do no damage.
Your hands burn!
* * * LOW HITPOINT WARNING * * *
You headbutt the jelly, but do no damage.
The jelly is severely wounded.
The jelly hits you.
* * * LOW HITPOINT WARNING * * *
You are splashed with acid.
* * * LOW HITPOINT WARNING * * *
The jelly barely misses you.
You are confused.
You feel invigorated. The jelly hits you.
* * * LOW HITPOINT WARNING * * *
You are splashed with acid!
You die...

............ ...........
........... ..........
.........# .........#
###. .......J.# ..#.
......J@.# #.#.
.........######### ##...
.................###....
.................+.'....
........####.....###....
######### #............
##.#+###..... ....
..#..... ###.#.#.#.....


You could see 2 jellies.

Vanquished Creatures
  A hound (D:4)
  An adder (D:2)
  A worm (D:2)
  3 dart slugs
  5 ball pythons
  3 endoplasms (D:2)
  A giant cockroach (D:2)
  6 goblins
  6 hobgoblins
  3 quokkas
  4 bats
  6 frilled lizards
  2 kobolds
  2 rats (D:1)
44 creatures vanquished.

Notes
Turn   | Place    | Note
-------+----------+-------------------------------------------
     0 | D:1      | Anon1729 the Minotaur Monk began the quest for the Orb.
     0 | D:1      | Reached XP level 1. HP: 19/19 MP: 0/0
   164 | D:1      | Reached XP level 2. HP: 19/27 MP: 1/1
  1009 | D:2      | Reached XP level 3. HP: 33/33 MP: 2/2
  1513 | D:2      | You fall into a shaft and drop 2 floors!
  1560 | D:4      | Reached skill level 1 in Ranged Weapons
  1560 | D:4      | Reached XP level 4. HP: 34/41 MP: 3/3
  1606 | D:4      | HP: 1/41 [acid (6)]
  1607 | D:4      | Splashed by a jelly's acid

Illustrated notes

Levels and vault maps discovered:
D:1:      kennysheep_arrival_seaside, layout_basic, st_stairs_6,
          dreamdust_princess_bridge
D:2:      layout_basic, uniq_crazy_yiuf_cottage
D:4:      layout_basic

Skill      XL: |  1  2  3 |
---------------+----------+-----
Fighting       | 4 |  4.5
Long Blades    | 4 |  4.5
Dodging        | 4 |  4.1
Ranged Weapons | 1 |  1.3

Action                     |  1- 3 |  4- 6 || total
---------------------------+-------+-------++-------
  Melee: Falchion          |    80 |     6 ||    86
         Headbutt          |    12 |     3 ||    15
    Use: Potion            |       |     1 ||     1
 Armour: Robe              |     8 |     1 ||     9
  Dodge: Dodged            |    45 |     4 ||    49

Table legend: (Time is in decaauts)
 A = Elapsed time spent in this place.
 B = Non-inter-level travel time spent in this place.
 C = Inter-level travel time spent in this place.
 D = Time resting spent in this place.
 E = Time spent auto-exploring this place.
 F = Levels seen in this place.
 G = Mean time per level.
                   A        B        C        D        E       F      G
               +--------+--------+--------+--------+--------+-----+--------+
         Total |   1619 |   1553 |     66 |      0 |   1332 |   3 |  539.7 |
       Dungeon |   1619 |   1553 |     66 |      0 |   1332 |   3 |  539.7 |
               +--------+--------+--------+--------+--------+-----+--------+

Top non-repeatable levels by time:
     D:1: 961 daAuts
     D:2: 563 daAuts
     D:4: 94 daAuts
